 Dungeon Crawl Stone Soup version 0.28-a0-991-g956f0ee3d5 (webtiles) character file.

Game seed: 12867542411437474238

43 Lavandula the Bolt Thrower (level 3, -1/31 HPs)
             Began as a Naga Arcane Marksman on Dec 5, 2021.
             Slain by a goblin (4 damage)
             ... on level 2 of the Dungeon.
             The game lasted 00:02:53 (1223 turns).

Lavandula the Bolt Thrower (Naga Arcane Marksman)   Turns: 1223, Time: 00:02:53

Health: -1/31      AC:  2    Str: 14    XL:     3   Next: 58%
Magic:  4/4        EV:  9    Int: 13    God:
Gold:   27         SH:  0    Dex: 11    Spells: 0/4 levels left

rFire   . . .      SeeInvis +   j - +1 dagger (elec)
rCold   . . .      Faith    .   (no shield)
rNeg    . . .      Spirit   .   d - +0 robe
rPois   +          Reflect  .   (no helmet)
rElec   .          Harm     .   (no cloak)
rCorr   .          Rampage  .   (no gloves)
Will    .....                   (no barding)
Stlth   +.........              (no amulet)
HPRegen 0.10/turn               (no ring)
MPRegen 0.09/turn               (no ring)

@: short of breath, very slow
A: AC +1, large, see invisible, deformed body, poison resistance, slowness 2,
spit poison 1, naga tail 1
a: Spit Poison


You were on level 2 of the Dungeon.
You visited 1 branch of the dungeon, and saw 2 of its levels.

You collected 27 gold pieces.

Inventory:

Hand Weapons
 a - a +0 hand crossbow
 j - a +1 dagger of electrocution (weapon)
Missiles
 c - 37 bolts
Armour
 d - a +0 robe (worn)
Scrolls
 e - a scroll of fear {unknown}
 f - 3 scrolls of vulnerability {unknown}
 g - a scroll of enchant weapon {unknown}
 h - a scroll of summoning {unknown}
 l - a scroll of enchant armour {unknown}
Potions
 b - 2 potions of curing {unknown}
 i - a potion of mutation {unknown}
 k - a potion of attraction {unknown}


   Skills:
 - Level 1.0 Fighting
 + Level 1.3 Short Blades
 - Level 3.1 Crossbows
 - Level 1.5 Dodging
 - Level 1.0 Spellcasting
 - Level 3.0 Hexes


You couldn't memorise any spells.
You knew the following spells:

 Your Spells              Type           Power      Damage    Failure   Level
a - Slow                  Hex            32%        N/A       9%          1
b - Wereblood             Tmut           0%         N/A       38%         2
c - Beastly Appendage     Tmut           0%         N/A       28%         1

Your spell library contained the following spells:

 Spells                   Type           Power      Damage    Failure   Level
 Confusing Touch          Hex            8%         N/A       24%         3
 Inner Flame              Hex/Fire       4%         N/A       41%         3
 Portal Projectile        Hex/Tloc       8%         N/A       41%         3
 Spider Form              Tmut/Pois      0%         N/A       63%         3
 Cause Fear               Hex            4%         N/A       63%         4
 Yara's Violent Unravell  Hex/Tmut       2%         3d3       99%         5


Dungeon Overview and Level Annotations

Branches:
Dungeon (2/15)

Altars:
Yredelemnul


Innate Abilities, Weirdness & Mutations

Your serpentine skin is tough. (AC +1)
You have supernaturally acute eyesight. (SInv)
Armour fits poorly on your strangely shaped body.
Your system is resistant to poisons. (rPois)
You cover ground very slowly.
You can spit poison.
You have a snake-like lower body.


Message History

The jackal misses you.
Press: ? - help, Shift-Dir - straight line, f - jackal
Aim: a jackal The splash of poison hits the jackal.
The jackal is poisoned.
The jackal is almost dead.
The jackal bites you.
Unknown command.
The jackal barely misses you.
A goblin comes into view. It is wielding a +0 club.
You have got your breath back.
You kill the jackal!
The endoplasm jiggles.
The goblin shouts!
Unknown command.
You closely miss the goblin. The endoplasm freezes you.
You are frozen.
The goblin hits you but does no damage.
Unknown command.
You hit the goblin but do no damage. The endoplasm hits you.
* * * LOW HITPOINT WARNING * * *
The goblin hits you with a +0 club.
* * * LOW HITPOINT WARNING * * *
Unknown command.
Press: ? - help, Shift-Dir - straight line, f - jackal
Aim: a jackal The splash of poison hits the endoplasm.
The endoplasm is moderately wounded.
The endoplasm barely misses you. The goblin hits you but does no damage.
Unknown command.
You closely miss the goblin.
The endoplasm hits you but does no damage.
The goblin hits you with a +0 club.
* * * LOW HITPOINT WARNING * * *
Unknown command.
You hit the goblin.
The goblin is severely wounded.
The endoplasm hits you.
* * * LOW HITPOINT WARNING * * *
The goblin hits you with a +0 club.
You die...

......###.#####.#.........#
...#.)............##.###..
#.........#######.###.###.#
...#.####.# ####....... # #
#.# #.......# #†# .........
#h# ..#.......
#J######.#.........
#.@g....# .#.....##
########.#....... #.#####


You could see an endoplasm, a jackal and a goblin.

Vanquished Creatures
  7 ball pythons
  4 endoplasms
  2 goblins (D:1)
  3 hobgoblins (D:1)
  2 jackals (D:2)
  4 kobolds
  6 quokkas (D:1)
  4 bats (D:1)
  3 frilled lizards (D:1)
  4 rats (D:1)
39 creatures vanquished.

Notes
Turn   | Place    | Note
-------+----------+-------------------------------------------
     0 | D:1      | Lavandula the Naga Arcane Marksman began the quest for the
                  | Orb.
     0 | D:1      | Reached XP level 1. HP: 18/18 MP: 2/2
   230 | D:1      | Reached XP level 2. HP: 25/25 MP: 3/3
   364 | D:1      | Learned a level 2 spell: Wereblood
   414 | D:1      | Reached XP level 3. HP: 26/31 MP: 4/4
   909 | D:1      | Reached skill level 1 in Short Blades
   973 | D:1      | Learned a level 1 spell: Beastly Appendage
  1006 | D:2      | Found a basalt altar of Yredelemnul.
  1223 | D:2      | Slain by a goblin

Illustrated notes

Levels and vault maps discovered:
D:1:      amcnicky_arrival_double_pillar, layout_basic, grunt_decor_fettered,
          st_stairs_8, minmay_pentomino_p4
D:2:      layout_loops_ring, basic_altar

Skill      XL: |  1  2  3 |
---------------+----------+-----
Crossbows      | 2 3 |  3.1
Short Blades   | 1 |  1.3
Fighting       | |  1.0
Dodging        | |  1.5
Spellcasting   | |  1.0
Hexes          | |  3.0

Action                   || total
-------------------------++-------
Melee: Dagger            ||    33
 Fire: Hand crossbow     ||    37
 Abil: Spit Poison       ||    17
 Stab: Sleeping          ||     1
Armor: Robe              ||     7
Dodge: Dodged            ||    29

Table legend: (Time is in decaauts)
 A = Elapsed time spent in this place.
 B = Non-inter-level travel time spent in this place.
 C = Inter-level travel time spent in this place.
 D = Time resting spent in this place.
 E = Time spent auto-exploring this place.
 F = Levels seen in this place.
 G = Mean time per level.
                   A        B        C        D        E       F      G
               +--------+--------+--------+--------+--------+-----+--------+
         Total |   1480 |   1470 |     10 |    226 |   1012 |   2 |  740.0 |
       Dungeon |   1480 |   1470 |     10 |    226 |   1012 |   2 |  740.0 |
               +--------+--------+--------+--------+--------+-----+--------+

Top non-repeatable levels by time:
     D:1: 1177 daAuts
     D:2: 303 daAuts
